 Dungeon Crawl Stone Soup version 0.26.0-41-g79a4fc7684 (webtiles) character file.

Game seed: 10201040633404983475

49 kreisler the Sneak (level 3, -3/24 HPs)
             Began as an Octopode Brigand on Jan 26, 2021.
             Slain by a gnoll
             ... wielding a +0 spear
              (7 damage)
             ... on level 2 of the Dungeon.
             The game lasted 00:02:59 (833 turns).

kreisler the Sneak (Octopode Brigand)                Turns: 833, Time: 00:03:00

Health: -3/24      AC:  1    Str: 10    XL:     3   Next: 77%
Magic:  3/3        EV: 13    Int: 13    God:
Gold:   80         SH:  0    Dex: 14    Spells: 2/2 levels left

rFire    . . .     SeeInvis .   a - +2 dagger
rCold    . . .     Faith    .   (no shield)
rNeg     . . .     Spirit   .   (helmet restricted)
rPois    .         Reflect  .   (no amulet)
rElec    .         Harm     .   (no ring)
rCorr    .         Rampage  .   (no ring)
Will     .....                  (no ring)
Stlth    ++++......             (no ring)
HPRegen  0.08/turn              (no ring)
MPRegen  0.08/turn              (no ring)
                                (no ring)
                                (no ring)

@: about to teleport, attractive
A: almost no armour, stealthy swim, amphibious, 8 rings, constrict 8, camouflage
1, gelatinous body 1
a: no special abilities


You were on level 2 of the Dungeon.
You visited 1 branch of the dungeon, and saw 2 of its levels.

You collected 80 gold pieces.

Inventory:

Hand Weapons
 a - a +2 dagger (weapon)
Missiles
 b - 8 poisoned darts (quivered)
 c - 2 curare-tipped darts
Potions
 h - a potion of might


   Skills:
 + Level 2.2 Fighting
 + Level 2.2 Short Blades
 + Level 2.1 Throwing
 + Level 1.1 Dodging
 + Level 6.8 Stealth


You had 2 spell levels left.
You didn't know any spells.
Your spell library was empty.

Dungeon Overview and Level Annotations

Branches:
Dungeon (2/15)

Altars:


Innate Abilities, Weirdness & Mutations

You cannot wear most types of armour.
You are very stealthy in the water. (Stealth+)
You are amphibious.
You can wear up to eight rings at the same time.
You can use your tentacles to constrict eight enemies at once.
Your skin changes colour to match your surroundings (Stealth+).
Your rubbery body absorbs attacks. (AC +1, EV +1)


Message History

As you read the scroll of teleportation, it crumbles to dust.
You feel strangely unstable.
You constrict the gnoll.
A rat comes into view.
The gnoll closely misses you. The gnoll hits you with a +0 spear.
* * * LOW HITPOINT WARNING * * *
A gnoll comes into view.
The gnoll is pulled toward you! The rat is pulled toward you!
The gnoll shouts!
You hit the gnoll. You squeeze the gnoll.
You kill the gnoll!
The gnoll barely misses you. The gnoll closely misses you.
The rat is pulled toward you!
You hit the gnoll. Your grab misses the gnoll. You squeeze the gnoll.
The gnoll is moderately wounded.
The rat closely misses you.
You hit the gnoll. You grab the gnoll. You squeeze the gnoll.
The gnoll is almost dead.
You constrict the gnoll, but do no damage.
The gnoll hits you but does no damage. The gnoll hits you with a +0 spear!
You die...

...##. ......
#....# #....# #.
#...####
.#..####.......
........r..##
......g@...)#
......)#g†.##
..!.............
.#..###....###.#
#. #.....# ..
........ .
.#........
........?.# #
##.......#


You could see 2 gnolls and a rat.

Vanquished Creatures
  2 gnolls (D:2)
  2 leopard geckos (D:1)
  2 ball pythons (D:1)
  4 bats
  6 goblins (D:1)
  A hobgoblin (D:1)
  4 kobolds
  3 frilled lizards
  3 rats (D:1)
27 creatures vanquished.

Notes
Turn   | Place    | Note
-------+----------+-------------------------------------------
     0 | D:1      | kreisler the Octopode Brigand began the quest for the Orb.
     0 | D:1      | Reached XP level 1. HP: 14/14 MP: 1/1
   106 | D:1      | Reached XP level 2. HP: 13/19 MP: 2/2
   280 | D:1      | Reached skill level 6 in Stealth
   493 | D:1      | Reached XP level 3. HP: 18/24 MP: 3/3
   833 | D:2      | Slain by a gnoll

Illustrated notes

Levels and vault maps discovered:
D:1:      eino_arrival_water_cross, layout_basic
D:2:      minmay_door_path, layout_basic, grunt_decor_fettered

Skill      XL: |  1  2 |
---------------+-------+-----
Stealth        | 6 |  6.8
Fighting       | |  2.2
Short Blades   | |  2.2
Throwing       | |  2.1
Dodging        | |  1.1

Action                   || total
-------------------------++-------
Melee: Dagger            ||    50
       Constrict         ||    12
       Tentacles         ||    11
  Use: Scroll            ||     4
       Potion            ||     1
 Stab: Sleeping          ||    10
       Distracted        ||     1
Armor: Skin              ||     4
Dodge: Dodged            ||    38
